 Dungeon Crawl Stone Soup version 0.27.0-1-g7a089689b8 (webtiles) character file.

Game seed: 10250033252511536990

2233 HeliumTrimp the Carver (level 9, -2/65 HPs)
             Began as a Formicid Abyssal Knight on Aug 14, 2021.
             Was a Priest of Lugonu.
             Slain by an ice beast (9 damage)
             ... on level 7 of the Dungeon.
             The game lasted 00:13:26 (8035 turns).

HeliumTrimp the Carver (Formicid Abyssal Knight)    Turns: 8035, Time: 00:13:27

Health: -2/65      AC: 11    Str: 16    XL:     9   Next: 62%
Magic:  10/11      EV: 11    Int: 16    God:    Lugonu [***...]
Gold:   137        SH:  5    Dex: 10    Spells: 3/8 levels left

rFire    . . .     SeeInvis +   i - +0 rapier
rCold    . . .     Faith    .   b - +1 buckler
rNeg     . . .     Spirit   .   q - +3 leather armour {rPois}
rPois    +         Reflect  .   (helmet unavailable)
rElec    .         Harm     .   p - +0 cloak
rCorr    .         Rampage  +   l - +0 pair of gloves
Will     .....                  m - +2 pair of boots {rampage}
Stlth    +.........             (no amulet)
HPRegen  0.20/turn              (no ring)
MPRegen  0.12/turn              (no ring)

@: no status effects
A: permanent stasis, dig shafts and tunnels, antennae 3, four strong arms
a: Dig, Shaft Self, Renounce Religion, Depart the Abyss, Bend Space, Banish


You were on level 7 of the Dungeon.
You worshipped Lugonu.
Lugonu was most pleased with you.
You visited 1 branch of the dungeon, and saw 7 of its levels.
You visited the Abyss 1 time.

You collected 276 gold pieces.
You spent 139 gold pieces at shops.

Inventory:

Hand Weapons
 a - a +1 falchion
 i - a +0 rapier (weapon)
Missiles
 f - 3 boomerangs (quivered)
Armour
 b - a +1 buckler (worn)
 l - a +0 pair of gloves (worn)
 m - a +2 pair of boots of rampaging (worn)
 p - a +0 cloak (worn)
 q - a +3 leather armour of poison resistance (worn)
Magical Staves
 n - a staff of conjuration
Jewellery
 g - an amulet of guardian spirit
 k - a +6 ring of strength
Wands
 r - a wand of paralysis (6)
 s - a wand of polymorph (11)
Scrolls
 e - 2 scrolls of identify
 h - a scroll of magic mapping {unknown}
 j - a scroll of enchant weapon {unknown}
Potions
 c - 2 potions of curing
 d - a potion of ambrosia
 o - a potion of brilliance


   Skills:
 - Level 4.1 Fighting
 * Level 8.6 Long Blades
 - Level 2.1 Armour
 - Level 0.8 Dodging
 - Level 2.4 Shields
 * Level 4.9 Air Magic
 + Level 6.6 Poison Magic
 - Level 3.0 Invocations


You had 3 spell levels left.
You knew the following spells:

 Your Spells              Type           Power      Damage    Failure   Level
a - Poisonous Vapours     Pois/Air       36%        N/A       4%          2
b - Mephitic Cloud        Conj/Pois/Air  12%        N/A       19%         3

Your spell library contained the following spells:

 Spells                   Type           Power      Damage    Failure   Level
 Corpse Rot               Necr/Air       N/A        N/A       17%         2
 Magic Dart               Conj           0%         1d3       30%         1
 Call Imp                 Summ           0%         N/A       43%         2
 Freezing Cloud           Conj/Ice/Air   2%         6-21      99%         5
 Fireball                 Conj/Fire      0%         3d3       100%        5
 Iskenderun's Battlesphe  Conj           0%         2d6       100%        5
 Conjure Ball Lightning   Conj/Air       3%         3x3d6     100%        6
 Orb of Destruction       Conj           0%         N/A       100%        7


Dungeon Overview and Level Annotations

Branches:
Dungeon (7/15)
 Temple: D:4-7

Altars:
Cheibriados
Hepliaklqana
Wu Jian
Xom
The Shining One

Shops:
D:4 *[![   D:5 *   D:6 :


Innate Abilities, Weirdness & Mutations

You cannot be hasted, slowed, berserked, paralysed or teleported.
You can dig through walls and to a lower floor.
You have a pair of large antennae on your head. (SInv)
Your four strong arms can wield two-handed weapons with a shield.


Message History

You barely miss the steam dragon.
The steam dragon is almost dead.
You are engulfed in a cloud of scalding steam.
The steam dragon barely misses you.
The steam dragon claws you but does no damage.
You hit the steam dragon.
The steam dragon is almost dead.
You are engulfed in a cloud of scalding steam.
An ice beast comes into view.
The steam dragon barely misses you. x2
You hit the steam dragon but do no damage.
The steam dragon is almost dead.
The steam dragon bites you. The steam dragon closely misses you.
You hit the steam dragon.
You kill the steam dragon!
Lugonu accepts your kill.
The steam dragon scales are intact enough to wear.
You rampage towards the ice beast!
The ice beast closely misses you.
You hit the ice beast.
The ice beast is lightly wounded.
The ice beast hits you but does no damage.
You hit the ice beast.
The ice beast is lightly wounded.
The ice beast hits you. The ice beast freezes you!
You completely miss the ice beast.
The ice beast is lightly wounded.
The ice beast hits you but does no damage.
You closely miss the ice beast.
The ice beast is lightly wounded.
The ice beast hits you. The ice beast freezes you!
* * * LOW HITPOINT WARNING * * *
You hit the ice beast.
The ice beast is moderately wounded.
The ice beast barely misses you.
You hit the ice beast but do no damage.
The ice beast is moderately wounded.
The ice beast hits you.
* * * LOW HITPOINT WARNING * * *
The ice beast freezes you!
You die...

#.#######
#..Y@[.<#
#######.#
#.# #.#
#.# #.#
#.# #.#


You could see an ice beast.

Vanquished Creatures
  Pikel (D:6)
  Prince Ribbit (D:6)
  A steam dragon (D:7)
  A hornet zombie (D:6)
  An ice beast (D:5)
  A black bear (D:4)
  A necrophage (D:6)
  3 ogres (D:6)
  A centaur (D:5)
  A phantom (D:6)
  3 scorpions
  A wyvern skeleton (D:6)
  A vampire bat (D:3)
  3 hounds
  A centaur skeleton (D:5)
  3 iguanas (D:4)
  2 orc wizards (D:5)
  A hound skeleton (D:4)
  3 gnolls
  5 adders
  A white imp (D:4)
  A worm (D:2)
  2 dart slugs (D:2)
  8 orcs
  8 ball pythons
  15 bats
  8 endoplasms
  2 giant cockroaches
  11 goblins
  10 hobgoblins
  9 jackals
  3 quokkas
  3 frilled lizards
  8 kobolds
  13 rats
137 creatures vanquished.

Vanquished Creatures (others)
  2 plants (D:7)
2 creatures vanquished.

Grand Total: 139 creatures vanquished

Notes
Turn   | Place    | Note
-------+----------+-------------------------------------------
     0 | Abyss:1  | HeliumTrimp the Formicid Abyssal Knight began the quest for
                  | the Orb.
     0 | Abyss:1  | Reached XP level 1. HP: 18/18 MP: 2/2
     9 | Abyss:1  | Found a corrupted altar of Lugonu.
    49 | D:1      | Escaped the Abyss
   253 | D:1      | Reached XP level 2. HP: 24/24 MP: 3/3
   317 | D:1      | Reached XP level 3. HP: 13/29 MP: 4/4
   737 | D:1      | Reached ** piety under Lugonu
   755 | D:1      | Found a faded altar of an unknown god.
   932 | D:1      | Reached skill level 3 in Long Blades
  1195 | D:2      | Reached XP level 4. HP: 34/37 MP: 6/6
  1539 | D:2      | Reached skill level 1 in Shields
  1709 | D:2      | Learned a level 2 spell: Poisonous Vapours
  1726 | D:2      | Reached *** piety under Lugonu
  1727 | D:2      | Reached XP level 5. HP: 16/42 MP: 7/7
  2795 | D:3      | Found an ornate altar of the Wu Jian Council.
  2942 | D:3      | Reached skill level 4 in Long Blades
  3183 | D:3      | Reached XP level 6. HP: 48/48 MP: 8/8
  3532 | D:4      | Noticed a black bear
  3560 | D:4      | Killed a black bear
  3561 | D:4      | Reached skill level 5 in Long Blades
  3561 | D:4      | Reached skill level 1 in Poison Magic
  3578 | D:4      | Reached skill level 1 in Air Magic
  3650 | D:4      | Reached XP level 7. HP: 19/54 MP: 9/9
  3940 | D:4      | Found a glowing golden altar of the Shining One.
  4249 | D:4      | Found Wyfat's Antique Armour Emporium.
  4257 | D:4      | Bought a glowing leather armour for 125 gold pieces
  4485 | D:4      | Found Masuon's General Store.
  4490 | D:4      | Learned a level 3 spell: Mephitic Cloud
  4505 | D:4      | Found a shimmering altar of Xom.
  4505 | D:4      | Found a snail-covered altar of Cheibriados.
  4513 | D:4      | Found Kuehed's Antique Armour Shop.
  4588 | D:4      | Found Eryfy's Distillery.
  4592 | D:4      | Bought a potion of degeneration for 14 gold pieces
  4893 | D:5      | Entered Level 5 of the Dungeon
  5026 | D:5      | Found Wiew Tuerorgh's Neck Hole.
  5271 | D:5      | Reached skill level 6 in Long Blades
  5492 | D:5      | Reached XP level 8. HP: 56/60 MP: 10/10
  6250 | D:6      | Noticed Prince Ribbit
  6280 | D:6      | Killed Prince Ribbit
  6285 | D:6      | Reached skill level 7 in Long Blades
  6524 | D:6      | Reached skill level 5 in Poison Magic
  7049 | D:6      | Reached XP level 9. HP: 34/65 MP: 7/11
  7274 | D:6      | Found a hazy altar of Hepliaklqana.
  7274 | D:6      | Noticed Pikel
  7295 | D:6      | Killed Pikel
  7296 | D:6      | Reached skill level 8 in Long Blades
  7393 | D:6      | Found Rupasaix's Book Emporium.
  8035 | D:7      | Slain by an ice beast

Illustrated notes

Levels and vault maps discovered:
D:1:      giann_wishing_wells, layout_basic, shapermc_ecumenical_altar_pompeii,
          due_unseen_surprise
D:2:      minmay_spotlight, layout_loops_ring, minmay_ruptured
D:3:      layout_rooms, lemuel_round_altar
D:4:      layout_basic, chequers_temple_overflow_statue_of_worship,
          tso_oasis_becter, serial_shops, shop_fountains, shop,
          nicolae_shop_trees, shop, st_stairs_4, minivault_1,
          hangedman_abyss_or_decor_stagger, roderic_batcave,
          hangedman_decor_peaks_small
D:5:      layout_loops_corners, nicolae_shop_sticking_my_neck_out
D:6:      layout_gridville, old_standard_altar, serial_shops,
          nicolae_shop_stone, amcnicky_mini_corridor_feature,
          nicolae_underground_beach, uniq_prince_ribbit1, uniq_pikel
D:7:      layout_loops_ring, zin_treasury, minmay_temple_entry_glassed_door,
          corner_web_ring, serial_bayou_lake_a, uniq_duvessa

Skill      XL: |  1  2  3  4  5  6  7  8  9 |
---------------+----------------------------+-----
Long Blades    | 3 4 5 6 7 8 |  8.6
Invocations    | 3 |  3.0
Fighting       | 4 |  4.1
Shields        | 1 2 |  2.4
Poison Magic   | 2 3 5 6 |  6.6
Air Magic      | 1 2 3 4 |  4.9
Armour         | |  2.1
Dodging        | |  0.8

Action                   |  1- 3 |  4- 6 |  7- 9 || total
-------------------------+-------+-------+-------++-------
Melee: Falchion          |    85 |    61 |       ||   146
       Rapier            |       |   195 |   268 ||   463
Throw: Boomerang         |       |     3 |     1 ||     4
 Cast: Poisonous Vapours |       |       |    20 ||    20
 Abil: Dig               |     1 |       |     1 ||     2
  Use: Scroll            |     3 |       |     7 ||    10
       Potion            |       |       |     2 ||     2
Armor: Leather armour    |     8 |       |    94 ||   102
       Ring mail         |    12 |   136 |     3 ||   151
Dodge: Dodged            |    44 |   154 |   148 ||   346
Block: Buckler           |     4 |    50 |    34 ||    88
       Rpst.: Falchion   |    12 |    12 |       ||    24
